 Dungeon Crawl Stone Soup version 0.29.1-14-g9c671dbff4 (webtiles) character file.

Game seed: 7770185650664728008

4932 Heoruswealwe the Eclecticist (level 10, 0/50 HPs)
             Began as a Deep Elf Conjurer on Feb 16, 2023.
             Was an Elder of Vehumet.
             Slain by an orc warrior
             ... wielding a +0 flail
              (16 damage)
             ... on level 8 of the Dungeon on Feb 17, 2023.
             The game lasted 02:43:59 (8511 turns).

Heoruswealwe the Eclecticist (Deep Elf Conjurer)    Turns: 8511, Time: 02:43:59

Health: 0/50       AC:  7    Str:  4    XL:     10   Next: 27%
Magic:  25/31      EV: 12    Int: 34    God:    Vehumet [****..]
Gold:   96         SH:  0    Dex: 13    Spells: 18/40 levels left

rFire   . . .      SeeInvis .   t - +0 hand crossbow
rCold   . . .      Faith    .   (no shield)
rNeg    . . .      Spirit   .   N - +0 steam dragon scales
rPois   .          Reflect  .   F - +0 helmet
rElec   .          Harm     .   (no cloak)
rCorr   .          Rampage  .   (no gloves)
Will    +....                   O - +0 pair of boots
Stlth   ++........              (no amulet)
HPRegen 0.16/turn               a - ring of flight
MPRegen 0.22/turn               y - +6 ring of intelligence

@: flying
A: talons 1
a: Renounce Religion


You were on level 8 of the Dungeon.
You worshipped Vehumet.
Vehumet was greatly pleased with you.
You visited 2 branches of the dungeon, and saw 9 of its levels.
You also visited: Sewer.

You collected 503 gold pieces.
You spent 407 gold pieces at shops.

Inventory:

Hand Weapons
 d - a +0 dagger
 g - a +4 short sword
 h - a +0 dagger
 t - a +0 hand crossbow (weapon)
Armour
 f - a +0 robe
 i - a +0 robe
 F - a +0 helmet (worn)
 N - +0 steam dragon scales (worn)
 O - a +0 pair of boots (worn)
Jewellery
 a - a ring of flight (left hand)
 y - a +6 ring of intelligence (right hand)
Wands
 o - a wand of mindburst (10)
Scrolls
 v - a scroll of enchant armour
 A - 3 scrolls of teleportation
 D - 2 scrolls of immolation
 G - 2 scrolls of magic mapping
 L - a scroll of blinking
 X - a scroll of identify
Potions
 b - a potion of magic
 c - a potion of resistance
 e - 2 potions of haste
 z - 4 potions of curing
 C - 2 potions of lignification
 J - a potion of cancellation
 Z - a potion of heal wounds


   Skills:
 - Level 2.4 Dodging
 - Level 2.4 Stealth
 + Level 15.5 Spellcasting
 + Level 13.7 Conjurations


You had 18 spell levels left.
You knew the following spells:

 Your Spells              Type           Power      Damage    Failure   Level
a - Magic Dart            Conj           100%       1d8       0%          1
b - Shock                 Conj/Air       100%       1d9       1%          1
c - Searing Ray           Conj           100%       2d8       0%          2
d - Sandblast             Erth           52%        2d12      1%          1
e - Fireball              Conj/Fire      32%        3d14      1%          5
f - Iskenderun's Battles  Conj           88%        2d14      1%          5
g - Orb of Destruction    Conj           44%        9d12      1%          7

Your spell library contained the following spells:

 Spells                   Type           Power      Damage    Failure   Level
 Frozen Ramparts          Ice            52%        1d8       1%          3
 Apportation              Tloc           52%        N/A       1%          1
 Dazzling Flash           Conj/Hex       100%       N/A       1%          3
 Fulminant Prism          Conj/Hex       32%        3d16      1%          4
 Iskenderun's Mystic Bla  Conj/Tloc      65%        2d13      1%          4
 Tukima's Dance           Hex            26%        N/A       4%          3
 Conjure Ball Lightning   Conj/Air       32%        3x3d10    4%          6
 Yara's Violent Unravell  Hex/Tmut       13%        3d7       11%         5
 Passage of Golubria      Tloc           26%        N/A       16%         4
 Alistair's Intoxication  Tmut/Pois      17%        N/A       38%         5


Dungeon Overview and Level Annotations

Branches:
Dungeon (8/15)             Temple (1/1) D:5            Lair (0/5) D:8
  Sewer (visited)

Altars:
Ashenzari
Cheibriados
Dithmenos
Elyvilon
Fedhas
Gozag
Hepliaklqana
Kikubaaqudgha
Makhleb
Nemelex Xobeh
Okawaru
Qazlal
Ru
Sif Muna
Trog
Uskayaw
Vehumet
Wu Jian
Xom
Yredelemnul
Zin
The Shining One

Shops:
D:5 ***   D:6 =   D:7 (


Innate Abilities, Weirdness & Mutations

You have sharp toenails.


Message History

The orc warrior hits you with a +0 flail! x2
You are too injured to fight recklessly!
Casting: Fireball (dangerous; 1% risk of failure)
Confirm with . or Enter, or press ? or * to list all spells.
Aiming: Sandblast (safe; 1% risk of failure)
Press: ? - help, Shift-Dir - straight line, f/p - orc warrior
Aim: an orc warrior, wielding a +0 flail and wearing a +0 plate armour (lightly wounded, 83% to hit)
The blast of sand hits the orc warrior but does no damage.
The orc warrior is lightly wounded.
The orc warrior misses you.
Casting: Sandblast (safe; 1% risk of failure)
Confirm with . or Enter, or press ? or * to list all spells.
Aiming: Sandblast (safe; 1% risk of failure)
Press: ? - help, Shift-Dir - straight line, f/p - orc warrior
Aim: an orc warrior, wielding a +0 flail and wearing a +0 plate armour (lightly wounded, 83% to hit)
The blast of sand hits the orc warrior but does no damage.
The orc warrior is lightly wounded.
The orc warrior completely misses you.
The orc warrior hits you with a +0 flail.
* * * LOW HITPOINT WARNING * * *
Casting: Sandblast (safe; 1% risk of failure)
Confirm with . or Enter, or press ? or * to list all spells.
Aiming: Searing Ray (safe; 0% risk of failure)
Press: ? - help, Shift-Dir - straight line, f/p - orc warrior
Aim: an orc warrior, wielding a +0 flail and wearing a +0 plate armour (lightly wounded, 83% to hit)
The searing ray hits the orc warrior.
The orc warrior is lightly wounded. (Press . to maintain the ray.)
The orc warrior barely misses you.
The searing ray hits the orc warrior but does no damage.
The orc warrior is lightly wounded.
The orc warrior hits you but does no damage.
The searing ray hits the orc warrior.
The orc warrior is moderately wounded.
The orc warrior hits you but does no damage.
The searing ray hits the orc warrior!
The orc warrior is severely wounded.
You finish channelling your searing ray.
The orc warrior hits you with a +0 flail!
You die...

####.#
...........##....##
#.#.. ..#..####...##
#.#.###.#..###.....##
#.......#..##.......#
#..........##..P..P.##
#........###.........###
#......................#
#........##....o@......#
#........###.........#.#
#.######.###.........#.#
#.# #....#...†...#..#
#.# ####.#.......####
#.# #...##.....## ...
#.###
#...###...###......
#...#
#....................
###.#
#...................# .


You could see an orc warrior.

Vanquished Creatures
  Pikel (D:6)
  A troll (D:7)
  Menkaure (D:7)
  2 steam dragons
  2 wargs (D:8)
  2 water moccasins
  2 sky beasts
  A black bear (D:6)
  3 ice beasts
  Pargi (Sewer)
  2 orc warriors (D:7)
  5 ogres
  A centaur (D:7)
  A kobold brigand (D:7)
  2 bullfrogs
  4 scorpions
  A necrophage (D:6)
  5 killer bees (D:8)
  2 howler monkeys
  2 hounds
  6 orc priests
  A jelly (D:5)
  6 iguanas
  6 orc wizards
  13 adders
  A river rat (D:3)
  2 shadow imps (D:5)
  A white imp (D:7)
  4 ufetubi
  6 dart slugs
  24 orcs
  5 endoplasms
  5 giant cockroaches
  3 goblins
  9 hobgoblins
  5 jackals (D:4)
  9 quokkas
  3 training dummies (D:7)
  9 ball pythons
  7 bats
  5 frilled lizards
  7 kobolds
  4 rats
182 creatures vanquished.

Vanquished Creatures (others)
  A plant (D:8)
1 creature vanquished.

Grand Total: 183 creatures vanquished

Notes
Turn   | Place    | Note
-------+----------+-------------------------------------------
     0 | D:1      | Heoruswealwe the Deep Elf Conjurer began the quest for the
                  | Orb.
     0 | D:1      | Reached XP level 1. HP: 10/10 MP: 6/6
   166 | D:1      | Reached XP level 2. HP: 15/15 MP: 3/8
   220 | D:1      | You fall into a shaft and drop 1 floor!
   538 | D:1      | Found a faded altar of an unknown god.
   563 | D:1      | Reached skill level 4 in Spellcasting
   590 | D:1      | Prayed at the altar of an unknown god.
   590 | D:1      | Became a worshipper of Vehumet
   590 | D:1      | Reached * piety under Vehumet
   590 | D:1      | Offered knowledge of Shock by Vehumet.
   594 | D:1      | Learned a level 1 spell: Shock
   597 | D:1      | Learned a level 2 spell: Searing Ray
   852 | D:2      | Reached skill level 5 in Conjurations
   852 | D:2      | Reached XP level 3. HP: 19/19 MP: 8/10
  1903 | D:3      | Reached XP level 4. HP: 4/24 MP: 4/12
  1912 | D:3      | Reached ** piety under Vehumet
  1915 | D:3      | Found a glowing drain.
  1922 | Sewer    | Entered a sewer
  2155 | Sewer    | Offered knowledge of Sandblast by Vehumet.
  2158 | Sewer    | Learned a level 1 spell: Sandblast
  2230 | Sewer    | Noticed Pargi
  2238 | Sewer    | Killed Pargi
  2239 | Sewer    | Reached skill level 5 in Spellcasting
  2239 | Sewer    | Reached XP level 5. HP: 3/28 MP: 8/15
  2700 | Sewer    | Gained mutation: You have sharp toenails. [potion of
                  | mutation]
  2980 | D:3      | Noticed an ogre
  2988 | D:3      | Killed an ogre
  2989 | D:3      | Reached skill level 6 in Spellcasting
  2989 | D:3      | Reached XP level 6. HP: 29/32 MP: 9/17
  3536 | D:4      | Reached skill level 7 in Spellcasting
  3632 | D:4      | Offered knowledge of Scorch by Vehumet.
  3780 | D:4      | Reached *** piety under Vehumet
  4184 | D:4      | Reached skill level 13 in Spellcasting
  4184 | D:4      | Reached XP level 7. HP: 36/36 MP: 18/25
  4191 | D:4      | Learned a level 5 spell: Fireball
  4197 | D:4      | Learned a level 5 spell: Iskenderun's Battlesphere
  4229 | D:4      | Found a hazy altar of Hepliaklqana.
  4501 | D:5      | Entered Level 5 of the Dungeon
  4531 | D:5      | Found a staircase to the Ecumenical Temple.
  4535 | D:5      | Reached XP level 8. HP: 36/41 MP: 19/27
  4609 | D:5      | Found Pobudiak's Fire Supplies.
  4683 | D:5      | Found a stormy altar of Qazlal.
  4882 | D:5      | Offered knowledge of Airstrike by Vehumet.
  4947 | D:5      | Found Geprusm's General Store.
  4948 | D:5      | Found Kuam's Specific Store.
  4970 | D:5      | Bought a +0 robe for 9 gold pieces
  4970 | D:5      | Bought a scroll of magic mapping for 105 gold pieces
  4970 | D:5      | Bought a scroll of identify for 28 gold pieces
  5263 | Temple   | Entered the Ecumenical Temple
  5787 | D:6      | Reached skill level 14 in Spellcasting
  5787 | D:6      | Reached XP level 9. HP: 45/45 MP: 18/29
  5882 | D:6      | Found Ucuteag's Jewellery Boutique.
  5908 | D:6      | Noticed Pikel
  5915 | D:6      | Killed Pikel
  6047 | D:6      | Found a glowing silver altar of Zin.
  6047 | D:6      | Found a sacrificial altar of Ru.
  6207 | D:6      | Learned a level 7 spell: Orb of Destruction
  6333 | D:7      | Reached **** piety under Vehumet
  6361 | D:7      | Noticed Menkaure
  6366 | D:7      | Killed Menkaure
  7164 | D:6      | Bought a ring of flight for 227 gold pieces
  7288 | D:7      | Reached skill level 15 in Spellcasting
  7415 | D:7      | Found a hide-covered altar of Uskayaw.
  7419 | D:7      | Reached XP level 10. HP: 37/50 MP: 25/31
  7490 | D:7      | Found Jaiff's Firing Range.
  7512 | D:7      | Offered knowledge of Frozen Ramparts by Vehumet.
  7527 | D:7      | Bought a +0 hand crossbow for 38 gold pieces
  7894 | D:8      | Identified the +4 longbow "Dapubyvom" {venom, rC+ Will+}
  8458 | D:8      | Found a staircase to the Lair.
  8511 | D:8      | Slain by an orc warrior

Illustrated notes

Levels and vault maps discovered:
D:1:      lightli_arrival_statue_moat, layout_basic,
          hellmonk_ecumenical_altar_slurped_away
D:2:      layout_basic, serial_curves, eino_curves_04, eino_curves_01
D:3:      layout_loops_ring, gup_sewer_entry_bubbles, minmay_misc_feat_rugged,
          st_stairs_9
D:4:      layout_basic, overflow_temple_1_default, minmay_unequal
D:5:      layout_rooms, mainiacjoe_overflow_catwalk, minmay_temple_entry_ruins,
          nicolae_specific_store, minmay_misc_feat_encased,
          nicolae_shop_fire_sale [nicolae_sub_dead_trees], nrook_mini_backslash
D:6:      layout_rooms, amethyst_overflow_temple_binary, serial_shops, shop,
          st_stairs_2, uniq_pikel
D:7:      layout_loops_ring, nicolae_uskayaw_dance_studio,
          nicolae_shop_firing_range, uniq_menkaure
D:8:      layout_basic, erik_lair_orcish_takeover
Temple:   compressed_dpeg_triangle_lava_temple

Skill      XL: |  1  2  3  4  5  6  7  8  9 |
---------------+----------------------------+-----
Spellcasting   | 4 5 6 13 14 15 | 15.5
Conjurations   | 5 6 11 12 13 | 13.7
Dodging        | |  2.4
Stealth        | |  2.4

Action                   |  1- 3 |  4- 6 |  7- 9 | 10-12 || total
-------------------------+-------+-------+-------+-------++-------
Melee: Short sword       |    12 |     6 |       |       ||    18
       Hand axe          |       |    17 |       |       ||    17
       Kick              |       |     4 |       |       ||     4
       Long sword        |       |       |     5 |       ||     5
 Fire: Hand crossbow     |       |       |       |    14 ||    14
 Cast: Magic Dart        |    67 |    66 |    73 |     2 ||   208
       Searing Ray       |     2 |     8 |     4 |     8 ||    22
       Sandblast         |       |    10 |    13 |     3 ||    26
       Shock             |       |     4 |       |       ||     4
       Iskenderun's Batt |       |       |    10 |     1 ||    11
       Fireball          |       |       |    27 |    16 ||    43
       Orb of Destructio |       |       |     1 |       ||     1
  Use: Scroll            |     1 |     8 |     4 |       ||    13
       Potion            |       |     7 |     2 |     1 ||    10
Armor: Robe              |     3 |    13 |     1 |       ||    17
       Skin              |       |     2 |       |       ||     2
       Steam dragon scal |       |       |     2 |     6 ||     8
Dodge: Dodged            |    11 |    50 |    18 |    21 ||   100
Block: Buckler           |       |       |     1 |       ||     1
